 Dungeon Crawl Stone Soup version 0.18-a0-1747-g18c4181 (webtiles) character file.

592 Ijustatesigmund the Fighter (level 7, 0/80 HPs)
             Began as an Ogre Hunter on Apr 12, 2016.
             Slain by Pikel
             ... wielding a +2 whip of freezing
              (8 damage)
             ... on level 4 of the Dungeon.
             The game lasted 01:16:58 (4471 turns).

Ijustatesigmund the Fighter (Ogre Hunter)           Turns: 4471, Time: 01:16:58

Health: 0/80       AC:  3    Str: 18    XL:     7   Next: 39%
Magic:  7/7        EV: 15    Int: 15    God:
Gold:   146        SH:  0    Dex: 17    Spells: 0 memorised, 6 levels left

rFire  . . .     SeeInvis +     d - +1 flail
rCold  . . .     Gourm    .     b - +0 robe
rNeg   . . .     Faith    .     (no shield)
rPois  .         Spirit   .     (helmet restricted)
rElec  .         Dismiss  .     (no cloak)
rCorr  .         Reflect  .     (gloves unavailable)
SustAt .         Harm     .     (boots unavailable)
MR     .....                    (no amulet)
Stlth  +++.......               (no ring)
                                g - ring of see invisible

@: brilliant, agile, very slightly contaminated, hasted, very quick, not
resistant to hostile enchantments, fairly stealthy
A: unfitting armour, tough skin 1
a: no special abilities


You were on level 4 of the Dungeon.
You were not hungry.

You visited 1 branch of the dungeon, and saw 5 of its levels.

You collected 146 gold pieces.

Inventory:

Hand Weapons
 d - a +1 flail (weapon)
Missiles
 c - 4 large rocks (quivered)
 j - 4 steel tomahawks
Armour
 b - a +0 robe (worn)
Jewellery
 g - a ring of see invisible (left hand)
Wands
 p - a wand of enslavement (21/24)
Scrolls
 e - a scroll of magic mapping
 s - 3 scrolls of remove curse
Potions
 a - a potion of brilliance
 l - a potion of magic
 m - a potion of agility
 q - a potion of lignification {unknown}
 r - a potion of might {unknown}
 t - a potion of heal wounds {unknown}
 u - a potion of mutation {unknown}
Comestibles
 f - 6 bread rations
 k - a meat ration
 n - a royal jelly
 v - a chunk of flesh


   Skills:
 + Level 8.0 Fighting
 + Level 6.5 Maces & Flails
 - Level 4.0 Throwing
 - Level 1.7 Dodging
 - Level 0.7 Stealth


You had 6 spell levels left.
You didn't know any spells.

Dungeon Overview and Level Annotations

Branches:
Dungeon (5/15)
 Temple: D:4-7

Altars:
Gozag
Yredelemnul

Annotations:
D:4 Pikel


Innate Abilities, Weirdness & Mutations

You are too large for most types of armour.
You have tough skin (AC +1).


Message History

* * * LOW HITPOINT WARNING * * *
Pikel freezes you.
* * * LOW HITPOINT WARNING * * *
The slave barely misses you. The slave hits you.
* * * LOW HITPOINT WARNING * * *
Drink which item? (? for menu, Esc to quit)
You feel better.
The orc struggles against the net.
Pikel hits you with a whip of freezing!
* * * LOW HITPOINT WARNING * * *
Pikel freezes you.
* * * LOW HITPOINT WARNING * * *
The slave barely misses you. The slave misses you.
Drink which item? (? for menu, Esc to quit)
It was a potion of magic.
Magic courses through your body.
The orc struggles to escape the net.
Drink which item? (? for menu, Esc to quit)
It was a potion of agility.
You feel agile all of a sudden. The slave barely misses you.
Pikel hits you with a whip of freezing!
You die... +.. #....# #...... #ho

#....#
#......
#.
#....#
#......
##
##....##
##......
#.....(#
#.......
#.....(#
#.......
#.....o#
#.......
#....pK#
#.......
#....p@#
#..>....
########
########


You could see Pikel, 2 slaves and an orc (caught).

Vanquished Creatures
  An ogre (D:4)
  The ghost of WildSam the Stinger, an amateur DsVM (D:3)
  A scorpion (D:5)
  An orc priest (D:5)
  2 orc wizards (D:5)
  Natasha (thrice) (D:3)
  A worker ant (D:4)
  3 gnolls (D:2)
  5 adders
  A shadow imp (D:5)
  An ooze (D:1)
  4 worms
  A dart slug (D:1)
  4 giant geckos
  13 orcs
  2 giant cockroaches
  14 goblins
  7 hobgoblins
  9 jackals
  9 kobolds
  A ball python (D:3)
  11 bats
  3 giant newts (D:3)
  3 rats
101 creatures vanquished.

Notes
Turn   | Place    | Note
--------------------------------------------------------------
     0 | D:1      | Ijustatesigmund the Ogre Hunter began the quest for the Orb.
     0 | D:1      | Reached XP level 1. HP: 22/22 MP: 1/1
    12 | D:1      | Reached skill level 3 in Fighting
    30 | D:1      | Reached XP level 2. HP: 16/32 MP: 2/2
   192 | D:1      | Reached skill level 4 in Fighting
   283 | D:1      | Reached XP level 3. HP: 29/40 MP: 3/3
   998 | D:1      | Reached skill level 1 in Maces & Flails
  1499 | D:2      | Reached skill level 5 in Fighting
  1499 | D:2      | Reached XP level 4. HP: 50/50 MP: 4/4
  2170 | D:3      | Reached XP level 5. HP: 53/57 MP: 5/5
  2357 | D:3      | Found a basalt altar of Yredelemnul.
  2359 | D:3      | Found an opulent altar of Gozag.
  2642 | D:3      | Noticed WildSam's ghost (amateur DsVM)
  2644 | D:3      | Noticed Natasha
  2644 | D:3      | Killed WildSam's ghost
  2644 | D:3      | Reached skill level 6 in Fighting
  2644 | D:3      | Reached XP level 6. HP: 66/68 MP: 6/6
  2645 | D:3      | Killed Natasha
  2675 | D:3      | Noticed Natasha
  2676 | D:3      | Killed Natasha
  2780 | D:3      | Noticed Natasha
  2784 | D:3      | Killed Natasha
  2784 | D:3      | Reached skill level 5 in Maces & Flails
  3174 | D:4      | Reached skill level 7 in Fighting
  3349 | D:4      | Noticed a slave
  3369 | D:5      | Entered Level 5 of the Dungeon
  3386 | D:5      | Reached XP level 7. HP: 68/78 MP: 7/7
  4023 | D:5      | Reached skill level 8 in Fighting
  4454 | D:4      | Noticed Pikel
  4471 | D:4      | Slain by Pikel

Vault maps used:
D:1:      erik_arrival_cave_to_civilisation
D:2:      first_bread
D:3:      nicolae_overflow_hidden_temple, st_stairs_6, uniq_natasha
D:4:      minivault_1, uniq_pikel

Skill      XL: |  1  2  3  4  5  6  7 |
---------------+----------------------+-----
Fighting       | 3 4 5 6 7 8 |  8.0
Maces & Flails | 2 3 4 5 6 |  6.5
Throwing       | |  4.0
Dodging        | |  1.7
Stealth        | |  0.7

Action                   |  1- 3 |  4- 6 |  7- 9 || total
-------------------------+-------+-------+-------++-------
Melee: Short sword       |    55 |       |       ||    55
       Whip              |    90 |    96 |    25 ||   211
       Club              |     4 |       |       ||     4
       Flail             |       |       |    33 ||    33
Throw: Large rock        |     5 |    44 |    22 ||    71
       Throwing net      |       |     4 |     4 ||     8
  Use: Scroll            |     6 |     4 |     1 ||    11
       Potion            |       |       |     5 ||     5
 Stab: Sleeping          |     1 |       |       ||     1
       Held in net/web   |       |       |     2 ||     2
  Eat: Chunk             |     2 |     5 |     3 ||    10
       Pizza             |       |       |     1 ||     1
Armor: Robe              |    65 |    21 |    10 ||    96
Dodge: Dodged            |   115 |    50 |    41 ||   206
